 Dungeon Crawl Stone Soup version 0.24-a0-380-g7ade4d1b3c (webtiles) character file.

Game seed: 1715337644297712346

159 Peloso the Covered (level 5, 0/46 HPs)
             Began as a Minotaur Fighter on June 3, 2019.
             Slain by a phantom (4 damage)
             ... on level 4 of the Dungeon.
             The game lasted 00:03:30 (1427 turns).

Peloso the Covered (Minotaur Fighter)               Turns: 1427, Time: 00:03:31

Health: 0/46       AC:  7    Str: 20    XL:     5   Next: 17%
Magic:  4/4        EV:  8    Int:  5    God:
Gold:   46         SH: 10    Dex: 11    Spells: 4/4 levels left

rFire    . . .     SeeInvis .   a - +0 long sword
rCold    . . .     Gourm    .   c - +0 shield
rNeg     . . .     Faith    .   b - +0 scale mail
rPois    .         Spirit   .   (helmet restricted)
rElec    .         Reflect  .   (no cloak)
rCorr    .         Harm     .   (no gloves)
MR       .....                  (no boots)
Stlth    ..........             (no amulet)
HPRegen  0.15/turn              (no ring)
MPRegen  0.09/turn              (no ring)

@: no status effects
A: retaliatory headbutt, horns 2
a: no special abilities


You were on level 4 of the Dungeon.
You were not hungry.

You visited 1 branch of the dungeon, and saw 3 of its levels.

You collected 46 gold pieces.

Inventory:

Hand Weapons
 a - a +0 long sword (weapon)
Armour
 b - a +0 scale mail (worn)
 c - a +0 shield (worn)
Jewellery
 r - an uncursed amulet of the gourmand {unknown}
Wands
 q - a wand of paralysis (6)
Scrolls
 e - 3 scrolls of teleportation {unknown}
 g - 2 scrolls of fear {unknown}
 h - a scroll of noise {unknown}
 i - a scroll of remove curse {unknown}
 j - a scroll of random uselessness {unknown}
 n - a scroll of identify {unknown}
Potions
 d - a potion of might
 k - a potion of agility {unknown}
 l - a potion of invisibility {unknown}
 m - a potion of resistance {unknown}
 o - a potion of brilliance {unknown}
 p - a potion of haste {unknown}
Comestibles
 f - 5 rations


   Skills:
 + Level 4.1 Fighting
 + Level 3.4 Long Blades
 + Level 5.2 Armour
 + Level 0.5 Dodging
 + Level 5.0 Shields


You had 4 spell levels left.
You didn't know any spells.
Your spell library was empty.

Dungeon Overview and Level Annotations

Branches:
Dungeon (2/15)

Altars:


Innate Abilities, Weirdness & Mutations

You reflexively headbutt those who attack you in melee.
You have a pair of horns on your head.


Message History

Unknown command.
Unknown command.
You slash the orc!
You kill the orc!
You hear the brisk rusting of a distant drain.
Things that are here:
a +0 leather armour; an orc corpse Your shield and scale mail prevent you from hitting the phantom.
You headbutt the phantom!
The phantom is moderately damaged.
The phantom hits you but does no damage.
Unknown command.
You barely miss the phantom.
The phantom is moderately damaged.
You block the phantom's attack.
The orc priest invokes the aid of Beogh against you.
Beogh smites you!
* * * LOW HITPOINT WARNING * * *
The phantom hits you.
You die...

##..#.#.##......######
#..#.#.##...........#
##..#.#.#..........#.##
....#...÷......###.#..
#..............# ...
##..#.#####....###.#..
#.........†.......#.#
#.##.##########.###
#.##.# #@# #.##.# #W#
#.##># ##o## #.##.#
#or.# #.##.# #.....#
#.##.# .........# #.#
.....$....... #.#
...........#.# #.#
#...#.....##.#


You could see a phantom, an orc priest, an orc and a quokka.

Vanquished Creatures
  A worker ant (D:4)
  4 gnolls (D:4)
  5 adders
  2 dart slugs (D:1)
  2 leopard geckos (D:1)
  3 orcs (D:4)
  5 bats
  2 giant cockroaches
  7 hobgoblins
  2 jackals (D:1)
  A quokka (D:2)
  3 frilled lizards
  3 goblins (D:1)
  7 kobolds (D:1)
  2 rats (D:1)
49 creatures vanquished.

Notes
Turn   | Place    | Note
-------+----------+-------------------------------------------
     0 | D:1      | Peloso the Minotaur Fighter began the quest for the Orb.
     0 | D:1      | Reached XP level 1. HP: 19/19 MP: 0/0
    79 | D:1      | Reached XP level 2. HP: 26/27 MP: 1/1
   362 | D:1      | Reached XP level 3. HP: 28/33 MP: 2/2
  1082 | D:2      | You fall into a shaft and drop 2 floors!
  1089 | D:4      | Reached XP level 4. HP: 36/40 MP: 3/3
  1363 | D:4      | Noticed a phantom
  1371 | D:4      | Reached skill level 5 in Armour
  1371 | D:4      | Reached skill level 5 in Shields
  1371 | D:4      | Reached XP level 5. HP: 33/46 MP: 4/4
  1427 | D:4      | Slain by a phantom

Levels and vault maps discovered:
D:1:      sevenhm_arrival_forest_fort_small_6, layout_loops_ring,
          minmay_crystal_room, chequers_serial_rivers_small_b, minivault_4
D:2:      layout_loops_ring, first_ration, uniq_crazy_yiuf_cottage
D:4:      layout_loops_ring, portal_sewer_entry_d, minivault_27

Skill      XL: |  1  2  3  4 |
---------------+-------------+-----
Fighting       | 4 |  4.1
Armour         | 4 5 |  5.2
Shields        | 4 5 |  5.0
Long Blades    | 3 |  3.4
Dodging        | |  0.5

Action                   |  1- 3 |  4- 6 || total
-------------------------+-------+-------++-------
Melee: Long sword        |    87 |    41 ||   128
       Headbutt          |    12 |     8 ||    20
Evoke: Wand              |       |     3 ||     3
  Eat: Chunk             |       |     2 ||     2
Armor: Scale mail        |    46 |    19 ||    65
Dodge: Dodged            |    34 |     9 ||    43
Block: Shield            |    63 |    25 ||    88
       Rpst.: Long sword |     8 |     1 ||     9

Table legend:
 A = Non-vault XP
 B = Vault XP
 C = Vault XP percentage of total XP
 D = Non-vault monster count
 E = Vault monster count
 F = Vault count percentage of total count
                 A         B        C        D         E       F
            +---------+---------+-------+---------+---------+-------
      Total |     228 |       0 |   0.0 |      49 |       0 |   0.0
            +---------+---------+-------+---------+---------+-------
        D:1 |      52 |       0 |   0.0 |      28 |       0 |   0.0
        D:2 |      39 |       0 |   0.0 |       9 |       0 |   0.0
        D:4 |     137 |       0 |   0.0 |      12 |       0 |   0.0
            +---------+---------+-------+---------+---------+-------
